woodfighter, chaotic female sylph Ranger --------------- ############%### #..............| ------------##################### #|.............| |..........|# -------------#########+..........%..| ##-..........|# |`.........`+ ###|............<| # |..........|# |.....`%....|# # ------|-------- ### |..........|# |...-----....## ### ## M |...........#######....|.{.|...|## # # #@ ------------ # |..`|{.{.%..|##### ### ##....|.{.|...|# ## # |...-----...|######### # |.....`.....-### #--.---------.--- |`.........`| # #|..............| ------------- ####-..............| # |............>.| ##...............| ---------------- woodfighter the Trailblazer Experience level: 7 Strength: 16 Dexterity: 11 Constitution: 14 Intelligence: 15 Wisdom: 13 Charisma: 7 Health: 0(44) Energy: 46(46) Def: 3 Gold: 2026 Moves: 4143 Dungeon seed: eRnIoipuQQdf7dW1 Game ID: woodfighter_1471519062 Your Inventory: Coins $ - 2026 gold pieces Weapons a - a burnt +2 bow (weapon in hand) b - 49 +2 arrows (in quiver) c - 35 +0 arrows d - a +1 dagger (alternate weapon; not wielded) k - 7 +0 arrows R - 3 cursed -1 darts W - the cursed +1 Sting Armor e - an uncursed +2 cloak of displacement (being worn) q - an uncursed +0 elven cloak r - a cursed +0 robe Comestibles f - 5 uncursed cram rations v - an uncursed lichen corpse A - 2 uncursed mangos K - an uncursed clove of garlic M - 2 uncursed eucalyptus leaves O - an uncursed fortune cookie Q - 3 uncursed sprigs of wolfsbane S - a cursed sprig of wolfsbane Z - an uncursed food ration Scrolls m - an uncursed scroll of enchant armor o - 2 uncursed scrolls of light s - an uncursed scroll of blank paper t - a blessed scroll of identify B - a cursed scroll of genocide C - 2 uncursed scrolls of punishment L - an uncursed scroll of identify Y - an uncursed scroll of water Spellbooks u - an uncursed spellbook of levitation T - an uncursed spellbook of light U - a cursed spellbook of extra healing V - a cursed spellbook of stone to flesh Potions h - 2 uncursed potions of gain energy i - an uncursed potion of healing p - an uncursed potion of gain ability z - an uncursed potion of confusion E - an uncursed potion of booze G - a cursed potion of sleeping H - a cursed potion of healing J - 4 potions of unholy water P - an uncursed potion of water X - a cursed potion of see invisible Rings n - an uncursed ring of stealth D - a cursed +1 ring of increase damage Wands g - a wand of slow monster (0:3) F - a cursed wand of polymorph (0:5) I - a cursed wand of cancellation (0:1) Tools w - an uncursed wax candle (0:400) y - an uncursed skeleton key Spells and supernatural/magical abilities: Name Level Category Fail Memory W - pray for help -- divine ? -- Your skills at the end: Miscellaneous Skills wands [Basic] Weapon Skills dagger [Basic] bow [Basic] Spellcasting Skills Final Attributes: You were piously aligned. You saw invisible. You had automatic searching. You had infravision. You were displaced. You were stealthy. You were protected from shape changers. You were lucky. You are dead. Vanquished creatures: a ghost 2 leprechauns a dog a dingo a housecat a dust vortex a rope golem 2 rock piercers a violet fungus 2 gnome lords a gnomish wizard 2 gray oozes 3 giant ants a floating eye a kitten a homunculus 5 iguanas 2 rothes a giant bat a coyote 3 hobbits an acid blob 2 large kobolds a gecko 3 giant rats 4 cave spiders 2 yellow molds 8 garter snakes 5 jackals a fox 9 newts a goblin 5 sewer rats 4 grid bugs a bat 6 lichens 3 kobold zombies 90 creatures vanquished. Voluntary challenges: You were vegetarian. You had followed a strict vegan diet until turn 3568. You did not adorn yourself with jewelry or accessories. You used a wielded weapon 5 times, starting on turn 353. You did not apply a unicorn horn. You were illiterate. You never genocided any monsters. You never polymorphed an object. You never changed form. You used no wishes. You never split a pudding. You never wrote Elbereth's name. You never violated your personal moral code. Dungeon overview: The Dungeons of Doom: levels 1 to 10 Level 1 a long staircase Level 2 ( ) a general store Level 3 a fountain stairs to The Gnomish Mines Level 4 (vault) some fountains, a sink Level 5 a scroll shop, an altar to Mars, some fountains Level 6 Level 7 an altar to Venus, a fountain, a sink, a throne Level 8 Level 9 <- You were here many fountains Level 10 The Gnomish Mines: Level 4 stairs to The Dungeons of Doom History has recorded: On T:1 you entered the Dungeons of Doom to retrieve the Amulet of Yendor! On T:221 you advanced to experience level 2. On T:443 you reached level 2 of The Dungeons of Doom. On T:616 you reached level 3 of The Dungeons of Doom. On T:913 you advanced to experience level 3. On T:1033 you reached level 4 of The Dungeons of Doom. On T:1239 you reached level 1 of The Gnomish Mines. On T:1541 you advanced to experience level 4. On T:1729 you reached level 5 of The Dungeons of Doom. On T:1795 you reached level 6 of The Dungeons of Doom. On T:1804 you advanced to experience level 5. On T:2406 you reached level 7 of The Dungeons of Doom. On T:2721 you advanced to experience level 6. On T:3050 you reached level 8 of The Dungeons of Doom. On T:3650 you reached level 9 of The Dungeons of Doom. On T:3685 you reached level 10 of The Dungeons of Doom. On T:3834 you advanced to experience level 7. Score breakdown: Gold: 2026 ( 202 points) Experience: 7 levels ( 600 points) Exploration: 10 levels ( 270 points) Discoveries: 2 items ( 100 points) Variety of kills: 37 monsters ( 1850 points) Major goal: (nothing yet) ( 0 points) Survival: died (score multiplied by 3) Total score: 9066 Latest messages: You kill the fox! You have a little trouble lifting b - a +2 arrow (in quiver). "Hello, woodfighter, welcome to Delphi!" The arrow hits the gecko. You kill the gecko! You have a little trouble lifting b - a +2 arrow (in quiver). There are a few more objects here. You have a little trouble lifting b - a +2 arrow (in quiver). There are a few objects here. You have a little trouble lifting z - a puce potion. You see here 2 mangos. You have a little trouble lifting A - 2 mangos. The door resists! The door opens. You stop exploring. (2x) The door opens. You shoot 2 arrows. The 1st arrow hits the ettin mummy. The 2nd arrow hits the ettin mummy. The ettin mummy scratches you! (2x) The arrow hits the ettin mummy. The ettin mummy scratches you! (4x) You die... Final status: Goodbye woodfighter the Ranger, killed by an ettin mummy... You died in The Dungeons of Doom on dungeon level 9 with 9066 points, and 2026 pieces of gold, after 4143 moves. You were level 7 with a maximum of 44 hit points when you died.